 Dungeon Crawl Stone Soup version 0.29.1-13-g9f3cf754e1 (webtiles) character file.

Game seed: 6612865784390431736

74673 Sanktem7 the Slayer (level 15, -1/154 (160) HPs)
             Began as a Minotaur Fighter on Feb 7, 2023.
             Was the Champion of Okawaru.
             Shot with an arrow by Nessos (5 damage)
             ... on level 2 of the Orcish Mines.
             The game lasted 01:02:27 (29170 turns).

Sanktem7 the Slayer (Minotaur Fighter)             Turns: 29170, Time: 01:02:28

HP:   -1/154 (160)  AC: 19    Str: 31    XL:     15   Next: 7%
MP:   0/14          EV:  6    Int:  3    God:    Okawaru [******]
Gold: 2570          SH:  0    Dex: 11    Spells: 14/14 levels left

rFire   . . .      SeeInvis .   k - +9 dire flail (holy) {mace}
rCold   . . .      Faith    .   (shield currently unavailable)
rNeg    + . .      Spirit   +   v - +0 crystal plate armour of Ceuhen {rN+ Str+4 Int-2, rare=g}
rPois   .          Reflect  .   (helmet unavailable)
rElec   .          Harm     .   (no cloak)
rCorr   .          Rampage  .   (no gloves)
Will    +....                   i - +2 pair of boots
Stlth   ..........              U - amulet of guardian spirit
HPRegen 0.35/turn               S - +4 ring of protection
MPRegen 0.14/turn               o - ring of flight

@: lethally poisoned (-1 -> -13), flying, lightly drained
A: horns 3, retaliatory headbutt, deformed body, noise suppression
a: Renounce Religion, Heroism, Finesse, Duel


You were on level 2 of the Orcish Mines.
You worshipped Okawaru.
Okawaru was exalted by your worship.
You visited 4 branches of the dungeon, and saw 19 of its levels.
You also visited: Bailey.

You collected 2570 gold pieces.


Innate Abilities, Weirdness & Mutations

You have a pair of large horns on your head.
You reflexively headbutt those who attack you in melee.
Armour fits poorly on your strangely shaped body.
You passively dampen the noise of your surroundings.


   Skills:
 * Level 21.9 Fighting
 + Level 12.9(16.0) Axes
 - Level 15.3(17.1) Maces & Flails
 - Level 6.0 Throwing
 - Level 8.0 Armour
 - Level 4.0 Shields


You had 14 spell levels left.
You didn't know any spells.
Your spell library contained the following spells:

 Spells                   Type           Power      Damage    Failure   Level
 Freeze                   Ice            0%         1d3       100%        1
 Magic Dart               Conj           0%         1d3       100%        1
 Sting                    Tmut/Pois      0%         1d3       100%        1
 Blink                    Tloc           0%         N/A       100%        2
 Ensorcelled Hibernation  Hex/Ice        0%         N/A       100%        2
 Poisonous Vapours        Pois/Air       0%         N/A       100%        2
 Searing Ray              Conj           0%         2d4       100%        2
 Frozen Ramparts          Ice            0%         1d1       100%        3
 Spider Form              Tmut/Pois      0%         N/A       100%        3
 Stone Arrow              Conj/Erth      0%         3d7       100%        3
 Anguish                  Hex/Necr       0%         N/A       100%        4
 Fulminant Prism          Conj/Hex       0%         3d6       100%        4
 Hailstorm                Conj/Ice       0%         3d3       100%        4
 Ice Form                 Ice/Tmut       0%         N/A       100%        4
 Olgreb's Toxic Radiance  Pois           0%         N/A       100%        4
 Blade Hands              Tmut           0%         N/A       100%        5
 Borgnjor's Vile Clutch   Necr/Erth      0%         N/A       100%        5
 Manifold Assault         Tloc           0%         N/A       100%        5
 Iron Shot                Conj/Erth      0%         9d1       100%        6
 Storm Form               Tmut/Air       0%         N/A       100%        7
 Lehudib's Crystal Spear  Conj/Erth      0%         10d2      100%        8
 Animate Armour           Summ/Erth      Unusable   N/A       N/A         4
 Animate Dead             Necr           Unusable   N/A       N/A         4
 Summon Ice Beast         Ice/Summ       Unusable   N/A       N/A         4
 Death Channel            Necr           Unusable   N/A       N/A         6

Inventory:

Hand Weapons
 a - the +11 war axe of the Sharing Dragonfly {speed, *Noise rF+ rC+ rN+, axe}
   (Okawaru gifted it to you on level 1 of the Orcish Mines)

   Attacks with this weapon are significantly faster.
   rF:        It protects you from fire.
   rC:        It protects you from cold.
   rN:        It protects you from negative energy.
   *Noise:    It may make noises in combat.
 k - a +9 dire flail of holy wrath (weapon) {mace}
   (You took it off Edmund on level 6 of the Dungeon)
 O - the +8 Wrath of Trog {antimagic, *Rage Rampage}
   (You found it on level 3 of the Lair of Beasts)

   It reduces the magical energy of the wielder, and disrupts the spells and
   magical abilities of those it strikes.
   Natural abilities and divine invocations are not affected.
   It causes slowness and exhaustion when equipped.
   It extends the wielder's berserk rage when killing foes.
   *Rage:     It berserks you when you make melee attacks (+50% chance).
   Rampage:   It bestows one free step when moving towards enemies.
Missiles
 m - 14 poisoned darts (quivered) {throwing}
 r - a silver javelin {throwing}
 s - 23 boomerangs {throwing}
 P - 3 curare-tipped darts {=fthrowing}
Armour
 h - a +2 plate armour of fire resistance
   (You took it off an orc warlord on level 9 of the Dungeon)
 i - a +2 pair of boots (worn)
   (You found it on level 1 of the Dungeon)
 v - the +0 crystal plate armour of Ceuhen (worn) {rN+ Str+4 Int-2, rare=g}
   (Okawaru gifted it to you on level 4 of the Lair of Beasts)

   Str:       It affects your strength (+4).
   Int:       It affects your intelligence (-2).
   rN:        It protects you from negative energy.
Jewellery
 o - a ring of flight (right hand)
   (You found it on level 11 of the Dungeon)
 x - a ring of fire
   (You found it on level 3 of the Dungeon)
 C - an amulet of the acrobat
   (You found it on level 5 of the Dungeon)
 S - a +4 ring of protection (left hand)
   (You found it on level 3 of the Lair of Beasts)
 U - an amulet of guardian spirit (around neck)
   (You found it on level 5 of the Lair of Beasts)
Wands
 c - a wand of roots (23)
   (You found it on level 10 of the Dungeon)
 I - a wand of flame (38)
   (You took it off Maggie on level 8 of the Dungeon)
 J - a wand of mindburst (23)
   (You found it on level 8 of the Dungeon)
 M - a wand of digging (9)
   (You found it on level 7 of the Dungeon)
 W - a wand of polymorph (8)
   (You found it on level 5 of the Lair of Beasts)
Scrolls
 j - 2 scrolls of silence {!r}
 p - 9 scrolls of magic mapping {!r}
 q - 2 scrolls of identify {@r1}
 w - 8 scrolls of vulnerability {!r!r}
 y - 7 scrolls of summoning
 z - a scroll of torment {!r}
 A - 2 scrolls of noise {!r}
 B - a scroll of teleportation {@r4}
 D - a scroll of brand weapon
 E - 2 scrolls of enchant weapon
 G - 2 scrolls of amnesia
 K - 2 scrolls of immolation {!r!r}
 N - 5 scrolls of fear
 Q - a scroll of fog
Potions
 b - a potion of lignification {!q}
 d - 2 potions of might
 e - 4 potions of haste {@q3}
 f - a potion of heal wounds {@q2}
 g - 5 potions of degeneration {!q@e2}
 l - 3 potions of flight
 u - a potion of curing {@q1}
 V - a potion of brilliance
Miscellaneous
 R - a phial of floods
   (You found it on level 9 of the Dungeon)
 T - a condenser vane
   (You found it on level 4 of the Lair of Beasts)

Dungeon Overview and Level Annotations

Branches:
Dungeon (11/15) Zot: 23904  Temple (1/1) D:5 Zot: 5953    Lair (5/5) D:9 Zot: 20337
 Shoals (0/4) Lair:3        Snake (0/4) Lair:2        Slime (0/5) Lair:4
    Orc (2/2) D:9 Zot: 10467  Bailey (visited)
    Elf: Orc:2

Altars:
Ashenzari
Cheibriados
Fedhas
Hepliaklqana
Kikubaaqudgha
Makhleb
Okawaru
Ru
Sif Muna
Uskayaw
Xom
Yredelemnul
The Shining One
Jiyva
Lugonu

Shops:
D:1 *   D:8 [   Orc:1 ?   Orc:2 *

Portals:
Abyss: Lair:5

Annotations:
Orc:1 3 runed translucent doors, AverageBear's ghost, journeyman DsFi; Rangus's ghost, journeyman OgAE; Rangus's ghost, journeyman VSWn; nshep25's ghost, journeyman MiFi
Orc:2 Nessos

.###....#.....#.............
. #........................
##.......................
#.#...#....รท..#..........
#.................$......
####........................
.....<.....[)..##...........
.......#...[).#..#..........
..#...........<.@...........
.....................c.....
......<.[[)................
...........................
...........................
...........................
##.........................
...........................
......._...................


You could see Nessos (fast).


Message History

Reactivating autopickup.
There is a stone staircase leading down here. ๐Ÿ˜ฑ HP[+1] MP[+1]
You start resting. ๐Ÿ˜จ HP[+29] MP[+12]
You regained 29 hp, and now have 64/154 hp.
Your mp is fully restored (14).
You start resting. ๐Ÿ˜Ž HP[+90]
Your hp is fully restored (154).
You fly downwards.
You feel an oppressive heat about you.
There is an entrance to a volcano on this level.
Hurry and find it before the entrance collapses!
Level annotation: Nessos You hear the rapid rumble of an avalanche of rocks nearby.
There is a stone staircase leading up here.
Nessos casts a spell.
Nessos blinks!
Nessos gestures wildly while chanting.
Nessos seems to speed up.
Nessos shoots an arrow.
The arrow hits you! The arrow burns you.
Nessos shoots an arrow.
The arrow hits you. The arrow burns you.
You are poisoned. ๐Ÿ˜• HP[-20] MP[-1]
You take 20 damage, and now have 134/154 hp.
You lost 1 mp, and now have 13/14 mp.
You feel sick.
Nessos shoots an arrow.
The arrow hits you. The arrow burns you.
Nessos shoots an arrow.
The arrow closely misses you. ๐Ÿ˜• HP[-5] MP[-2]
You take 5 damage, and now have 129/154 hp.
You lost 2 mp, and now have 11/14 mp.
You feel sick.
Nessos shoots an arrow.
The arrow hits you! The arrow burns you.
You are more poisoned.
Nessos shoots an arrow.
The arrow hits you! The arrow burns you.
You are more poisoned. ๐Ÿ˜ฎ HP[-29] MP[-1]
You take 29 damage, and now have 100/154 hp.
You lost 1 mp, and now have 10/14 mp.
You feel extremely sick.
Nessos casts a spell.
Nessos blinks!
Nessos shoots an arrow.
The arrow hits you! The arrow burns you.
You are more poisoned.
* * * LOW HITPOINT WARNING * * *
Nessos shoots an arrow.
The arrow hits you!
* * * LOW HITPOINT WARNING * * *
The arrow burns you.
* * * LOW HITPOINT WARNING * * *
๐Ÿ˜จ HP[-34] MP[-3]
You take 34 damage, and now have 66/154 hp.
MASSIVE DAMAGE!! (PAUSE)
You lost 3 mp, and now have 7/14 mp.
You feel extremely sick.
Nessos shoots an arrow.
The arrow hits you!
* * * LOW HITPOINT WARNING * * *
The arrow burns you.
You are lethally poisoned!
* * * LOW HITPOINT WARNING * * *
Nessos shoots an arrow.
The arrow completely misses you. ๐Ÿ˜จ HP[-27] MP[-2]
You take 27 damage, and now have 39/154 hp.
You lost 2 mp, and now have 5/14 mp.
You feel better.
Nessos shoots an arrow.
The arrow closely misses you.
Nessos shoots an arrow.
The arrow barely misses you. ๐Ÿ˜จ HP[+11]
You regained 11 hp, and now have 50/154 hp.
Nessos intently looks at you, slowly moving their tail.
Nessos mumbles some strange words.
Nessos blinks!
Nessos shoots an arrow.
The arrow barely misses you.
Nessos shoots an arrow.
The arrow hits you!!
* * * LOW HITPOINT WARNING * * *
The arrow burns you!
You are poisoned.
* * * LOW HITPOINT WARNING * * *
๐Ÿ˜ฑ HP[-23] MP[-2]
You take 23 damage, and now have 27/154 hp.
You lost 2 mp, and now have 3/14 mp.
You feel better.
Nessos shoots an arrow.
The arrow hits you.
* * * LOW HITPOINT WARNING * * *
The arrow burns you.
You are poisoned.
* * * LOW HITPOINT WARNING * * *
Nessos shoots an arrow.
The arrow hits you!
* * * LOW HITPOINT WARNING * * *
The arrow burns you.
You are lethally poisoned!
* * * LOW HITPOINT WARNING * * *
Nessos shoots an arrow.
The arrow hits you!
* * * LOW HITPOINT WARNING * * *
The arrow burns you.
You are more poisoned.
* * * LOW HITPOINT WARNING * * *
๐Ÿ˜ฑ HP[-22] MP[-2]
You take 22 damage, and now have 5/154 hp.
You lost 2 mp, and now have 1/14 mp.
You feel better.
Nessos shoots an arrow.
The arrow hits you!
* * * LOW HITPOINT WARNING * * *
The arrow burns you.
You are lethally poisoned!
You die...

Skill      XL: |  1  2  3  4  5  6  7  8  9 10 11 12 13 14 |
---------------+-------------------------------------------+-----
Fighting       | 4 5 6 7 9 11 13 15 16 18 21 | 21.9
Axes           | 3 4 5 6 7 9 12 | 12.9
Armour         | 4 5 6 7 8 |  8.0
Maces & Flails | 5 9 12 13 15 | 15.3
Throwing       | 3 5 6 |  6.0
Shields        | 4 |  4.0

Action                   |  1- 3 |  4- 6 |  7- 9 | 10-12 | 13-15 || total
-------------------------+-------+-------+-------+-------+-------++-------
Melee: War axe           |    86 |       |       |       |       ||    86
       Headbutt          |    13 |    14 |    47 |    39 |   157 ||   270
       Hand axe          |    13 |   108 |   172 |       |       ||   293
       Dire flail        |       |       |    92 |   234 |   668 ||   994
       Unarmed           |       |       |       |       |    17 ||    17
Throw: Dart              |       |       |       |       |    14 ||    14
  Use: Scroll            |       |       |       |    22 |    12 ||    34
       Potion            |       |       |       |     8 |    11 ||    19
 Stab: Invisible         |       |       |       |       |     2 ||     2
       Petrified         |       |       |       |       |     3 ||     3
Armor: Scale mail        |    63 |    49 |    49 |       |       ||   161
       Chain mail        |       |       |    94 |    92 |    91 ||   277
       Crystal plate arm |       |       |       |       |   314 ||   314
Dodge: Dodged            |    54 |    44 |   163 |   120 |   360 ||   741
Block: Buckler           |    31 |    18 |    29 |       |       ||    78

Levels and vault maps discovered:
D:1:      dpeg_arrival_subterranean_lakeside_camping, layout_basic,
          serial_shops, nicolae_shop_stone, minmay_stone_trees_small,
          minmay_crystal_water
D:2:      layout_basic, basic_altar, hangedman_glass_teeth
D:3:      layout_rooms, hellmonk_ecumenical_altar_zigzags
D:4:      layout_loops_ring, general_overflow_altar, minmay_misc_feat_tower,
          kennysheep_generic_room_3
D:5:      layout_rooms, mainiacjoe_overflow_alcove_2,
          mainiacjoe_overflow_brackets, minmay_temple_entry_statues_pillars
D:6:      layout_basic, xom_confusion_cloud, uniq_edmund, uniq_menkaure
D:7:      layout_loops_ring, uniq_pikel
D:8:      layout_loops_corners, mainiacjoe_overflow_catch_the_wave,
          serial_shops, shop_fountains, grunt_ministairs_11, uniq_maggie
D:9:      layout_irregular_city, mainiacjoe_overflow_chevrons, erik_lair_island,
          orc_0_dummy
D:10:     layout_stronghold, enter_bailey_2, kennysheep_another_room,
          worms_lemuel
D:11:     layout_roguey, serial_undead, serial_undead_a, serial_undead_a,
          serial_undead_b, serial_undead_c, serial_undead_d, serial_undead_d,
          fedhas_altar_1, uniq_psyche
Temple:   nicolae_temple_panitentiary
Lair:1:   layout_chaotic_city, minivault_27, uniq_gastronok
Lair:2:   layout_regular_city, guppyfry_snake_entry_island, uniq_sonja,
          uniq_urug
Lair:3:   layout_regular_city, minmay_shoals_entry_hut, lemuel_centaur_altar,
          lemuel_fruit_fields, uniq_kirke
Lair:4:   layout_regular_city, dpeg_slime_entry_enclosed, minivault_24,
          infiniplex_staircase_pool_2
Lair:5:   hellmonk_lair_end_abyssal_woods, layout_hall_layers
Orc:1:    layout_caves, serial_shops, shop, gammafunk_ghost_cemetery
Orc:2:    st_orc_elflike, layout_caves, basic_altar, enter_volcano_3,
          uniq_nessos

Notes
Turn   | Place    | Note
-------+----------+-------------------------------------------
     0 | D:1      | Sanktem7 the Minotaur Fighter began the quest for the Orb.
     0 | D:1      | Reached XP level 1. HP: 19/19 MP: 0/0
     0 | D:1      | magus.rc [v1.9.6]
    28 | D:1      | Found Wycsut's General Store.
   350 | D:1      | Reached XP level 2. HP: 25/27 MP: 1/1
   393 | D:1      | Reached skill level 4 in Fighting
   478 | D:1      | Reached skill level 3 in Axes
   580 | D:1      | You pick up a book of Armaments and begin reading...
   580 | D:1      | You add the spells Stone Arrow, Animate Armour and
                  | Lehudib's Crystal Spear to your library.
   585 | D:1      | You pick up a book of Conjurations {@e2} and begin
                  | reading...
   585 | D:1      | You add the spells Magic Dart, Searing Ray and Fulminant
                  | Prism to your library.
   633 | D:1      | Reached skill level 4 in Armour
   659 | D:1      | Reached XP level 3. HP: 22/33 MP: 2/2
  1476 | D:2      | Found a broken altar of Ashenzari.
  1528 | D:2      | Reached XP level 4. HP: 41/41 MP: 3/3
  2149 | D:3      | Reached skill level 4 in Axes
  2175 | D:3      | Found a faded altar of an unknown god.
  2221 | D:3      | a goblin comes into view. It is wielding a +0 club and
                  | wearing the ring of the Mage {Wiz Archmagi}.
  2649 | D:4      | Reached skill level 5 in Fighting
  2693 | D:4      | Reached XP level 5. HP: 45/48 MP: 4/4
  2903 | D:4      | Noticed an ogre
  2911 | D:4      | Killed an ogre
  2912 | D:4      | Reached skill level 5 in Axes
  2912 | D:4      | Reached XP level 6. HP: 32/57 MP: 5/5
  3178 | D:4      | Reached skill level 6 in Fighting
  3205 | D:4      | Reached skill level 5 in Armour
  3437 | D:4      | Reached skill level 6 in Axes
  3442 | D:4      | Reached XP level 7. HP: 41/62 MP: 6/6
  3572 | D:4      | HP: 10/62 [wight/+2 flail (12)]
  3574 | D:4      | Reached skill level 7 in Fighting
  3925 | D:4      | Found a broken altar of Ashenzari.
  4580 | D:5      | Entered Level 5 of the Dungeon
  4587 | D:5      | Reached skill level 7 in Axes
  4628 | D:5      | Found a glowing golden altar of the Shining One.
  4682 | D:5      | Reached skill level 6 in Armour
  4886 | D:5      | Reached XP level 8. HP: 67/74 MP: 7/7
  4931 | D:5      | Reached skill level 8 in Fighting
  5244 | D:5      | Found a staircase to the Ecumenical Temple.
  5318 | Temple   | Entered the Ecumenical Temple
  5318 | Temple   | Noticed a green death
  5319 | Temple   | Noticed a sixfirhy
  5319 | Temple   | Noticed Wietorao the pandemonium lord
  5319 | Temple   | Noticed Gaogohem the pandemonium lord
  5319 | Temple   | Noticed a Tzitzimitl
  5319 | Temple   | Noticed a sun demon
  5322 | Temple   | Noticed Rioczoba the pandemonium lord
  5345 | Temple   | Became a worshipper of Warmaster Okawaru
  5361 | Temple   | Noticed Teclab the pandemonium lord
  5362 | Temple   | Noticed an ice devil
  5391 | D:5      | Reached skill level 8 in Axes
  5730 | D:5      | Found a basalt altar of Yredelemnul.
  5939 | D:6      | Found a shimmering altar of Xom.
  5951 | D:6      | Reached skill level 9 in Fighting
  6249 | D:6      | Reached skill level 9 in Axes
  6249 | D:6      | Reached skill level 7 in Armour
  6253 | D:6      | Noticed Edmund
  6263 | D:6      | Killed Edmund
  6263 | D:6      | Reached * piety under Okawaru
  6274 | D:6      | Reached XP level 9. HP: 33/84 MP: 8/8
  6533 | D:6      | Noticed Menkaure
  6540 | D:6      | Killed Menkaure
  6541 | D:6      | Reached skill level 1 in Maces & Flails
  6625 | D:6      | You fall into a shaft and drop 2 floors!
  6847 | D:8      | Reached skill level 2 in Maces & Flails
  6899 | D:8      | Reached skill level 1 in Throwing
  6902 | D:8      | Noticed Maggie
  6912 | D:8      | Killed Maggie
  6913 | D:8      | Reached skill level 10 in Fighting
  6913 | D:8      | Reached skill level 3 in Maces & Flails
  6968 | D:8      | Found an ancient bone altar of Kikubaaqudgha.
  7115 | D:8      | Found a shimmering blue altar of Sif Muna.
  7163 | D:8      | Found Lisiaf's Armour Shop.
  7181 | D:8      | Reached ** piety under Okawaru
  7362 | D:8      | Reached skill level 2 in Throwing
  7371 | D:8      | Reached skill level 4 in Maces & Flails
  7644 | D:8      | Reached skill level 8 in Armour
  8291 | D:9      | Noticed a troll
  8293 | D:9      | Found a staircase to the Lair.
  8295 | D:9      | Reached skill level 5 in Maces & Flails
  8297 | D:9      | Reached skill level 11 in Fighting
  8324 | D:9      | Reached skill level 3 in Throwing
  8334 | D:9      | Found a staircase to the Orcish Mines.
  8345 | D:8      | Reached *** piety under Okawaru
  8544 | D:9      | Killed a troll
  8545 | D:9      | Reached XP level 10. HP: 66/96 MP: 9/9
  8550 | D:9      | Reached skill level 6 in Maces & Flails
  9507 | D:7      | Noticed Pikel
  9515 | D:7      | Killed Pikel
  9515 | D:7      | Reached **** piety under Okawaru
  9516 | D:7      | Reached skill level 12 in Fighting
  9516 | D:7      | Reached skill level 7 in Maces & Flails
  9516 | D:7      | Reached skill level 4 in Throwing
 10492 | D:9      | Reached skill level 8 in Maces & Flails
 10519 | D:9      | You add the spells Blink, Manifold Assault and Storm Form
                  | to your library.
 10544 | D:9      | You add the spells Sting, Poisonous Vapours and Olgreb's
                  | Toxic Radiance to your library.
 10759 | D:9      | You pick up a book of Dreams and begin reading...
 10759 | D:9      | You add the spells Ensorcelled Hibernation, Spider Form and
                  | Anguish to your library.
 10863 | D:9      | You pick up a book of Frost and begin reading...
 10863 | D:9      | You add the spells Freeze, Frozen Ramparts and Hailstorm to
                  | your library.
 11425 | D:9      | Found a burning altar of Makhleb.
 11546 | D:9      | Gained mutation: You passively dampen the noise of your
                  | surroundings. [potion of mutation]
 11546 | D:9      | Gained mutation: Armour fits poorly on your strangely
                  | shaped body. [potion of mutation]
 11546 | D:9      | Gained mutation: You have a pair of large horns on your
                  | head. [potion of mutation]
 11589 | D:10     | Entered Level 10 of the Dungeon
 11600 | D:10     | Received a gift from Okawaru
 11658 | D:10     | Reached skill level 13 in Fighting
 11658 | D:10     | Reached skill level 5 in Throwing
 11707 | D:10     | Found a flagged portal.
 11722 | Bailey   | Entered a bailey
 11769 | Bailey   | Reached skill level 9 in Maces & Flails
 11819 | Bailey   | Reached XP level 11. HP: 44/107 MP: 10/10
 12154 | Bailey   | Reached ***** piety under Okawaru
 12155 | Bailey   | Received a gift from Okawaru
 12656 | Bailey   | Acquired 1127 gold pieces
 12879 | Bailey   | HP: 26/107 [electric eel/bolt of electricity (11)]
 13186 | Bailey   | Found an iron altar of Okawaru.
 13201 | Bailey   | Noticed a sixfirhy
 13460 | Bailey   | Identified the +0 scale mail "Yckon" {Will+}
 13464 | Bailey   | Reached skill level 15 in Fighting
 13464 | Bailey   | Reached skill level 12 in Maces & Flails
 13464 | Bailey   | Reached XP level 12. HP: 121/121 MP: 11/11
 13465 | Bailey   | Reached skill level 16 in Fighting
 13465 | Bailey   | Reached skill level 13 in Maces & Flails
 13465 | Bailey   | Reached XP level 13. HP: 130/130 MP: 12/12
 13612 | D:10     | Reached skill level 17 in Fighting
 14323 | D:10     | Reached skill level 4 in Shields
 14855 | D:11     | Noticed Psyche
 14858 | D:11     | Killed Psyche
 14987 | D:11     | Reached skill level 6 in Throwing
 15255 | D:11     | Reached skill level 14 in Maces & Flails
 15256 | D:11     | Received a gift from Okawaru
 15438 | D:11     | Found a blossoming altar of Fedhas.
 16850 | Lair:1   | Entered Level 1 of the Lair of Beasts
 16855 | Lair:1   | Received a gift from Okawaru
 16856 | Lair:1   | t - a +1 vorpal executioner's axe {axerare=g}
 16955 | Lair:1   | Reached skill level 18 in Fighting
 17395 | Lair:1   | Noticed Gastronok
 17409 | Lair:1   | Killed Gastronok
 17709 | Lair:2   | You pick up a book of Unlife and begin reading...
 17951 | Lair:2   | You pick up a book of Rime and begin reading...
 17969 | Lair:2   | Reached skill level 15 in Maces & Flails
 18079 | Lair:2   | Found a staircase to the Snake Pit.
 18378 | Lair:2   | Noticed Urug
 18385 | Lair:2   | Killed Urug
 18387 | Lair:2   | H - a +3 eveningstar {macerare=g}
 18614 | Lair:2   | Noticed Sonja
 18641 | Lair:2   | Killed Sonja
 19120 | Lair:3   | Found the +8 Wrath of Trog {antimagic, *Rage Rampage}
 19171 | Lair:3   | You drop a +3 eveningstar {macerare=g}.
 19172 | Lair:3   | You drop a +1 vorpal executioner's axe {axerare=g}.
 19175 | Lair:3   | t - a +1 vorpal executioner's axe {axerare=g}
 19175 | Lair:3   | H - a +3 eveningstar {macerare=g}
 19188 | Lair:3   | You drop a +1 vorpal executioner's axe {axerare=g}.
 19189 | Lair:3   | You drop a +3 eveningstar {macerare=g}.
 19194 | Lair:3   | H - a +3 eveningstar {macerare=g}
 19194 | Lair:3   | t - a +1 vorpal executioner's axe {axerare=g}
 19236 | Lair:3   | You drop a +1 vorpal executioner's axe {axerare=g}.
 19237 | Lair:3   | You drop a +3 eveningstar {macerare=g}.
 19238 | Lair:3   | H - a +3 eveningstar {macerare=g}
 19238 | Lair:3   | t - a +1 vorpal executioner's axe {axerare=g}
 19245 | Lair:3   | Noticed Kirke
 19280 | Lair:3   | HP: 33/136 [hog[Kirke] (11)]
 19864 | Lair:3   | Received a gift from Okawaru
 20366 | Lair:3   | Found a hazy altar of Hepliaklqana.
 20389 | Lair:3   | Reached XP level 14. HP: 139/144 MP: 13/13
 20560 | Lair:3   | Found a staircase to the Shoals.
 20569 | Lair:3   | Reached skill level 19 in Fighting
 20815 | Lair:3   | HP: 36/146 [manticore[Kirke] (2)]
 21095 | Lair:3   | Killed Kirke
 21095 | Lair:3   | Received a gift from Okawaru
 21096 | Lair:3   | Reached skill level 10 in Axes
 21307 | Lair:4   | Reached ****** piety under Okawaru
 21765 | Lair:4   | Identified the +0 crystal plate armour of Ceuhen {rN+ Str+4
                  | Int-2} (Okawaru gifted it to you on level 4 of the Lair of
                  | Beasts)
 21765 | Lair:4   | Received a gift from Okawaru
 21768 | Lair:4   | v - the +0 crystal plate armour of Ceuhen {rN+ Str+4 Int-2,
                  | rare=g}
 21779 | Lair:4   | You finish putting on the +0 crystal plate armour of Ceuhen
                  | {rN+ Str+4 Int-2, rare=g}.
 21836 | Lair:4   | You pick up a book of Iron and begin reading...
 21836 | Lair:4   | You add the spells Blade Hands and Iron Shot to your
                  | library.
 22184 | Lair:4   | Found a viscous altar of Jiyva.
 22184 | Lair:4   | Found a staircase to the Slime Pits.
 22211 | Lair:5   | Entered Level 5 of the Lair of Beasts
 22734 | Lair:5   | Reached skill level 20 in Fighting
 22783 | Lair:5   | Reached skill level 11 in Axes
 23133 | Lair:5   | You pick up a book of Iron and begin reading...
 24530 | Lair:5   | HP: 33/149 [blink frog (5)]
 24540 | Lair:5   | HP: 21/149 [blink frog (12)]
 24550 | Lair:5   | HP: 19/149 [blink frog (4)]
 24554 | Lair:5   | HP: 9/149 [blink frog (4)]
 25008 | Lair:5   | Received a gift from Okawaru
 25159 | Lair:5   | Reached skill level 21 in Fighting
 25159 | Lair:5   | Reached skill level 12 in Axes
 25822 | Lair:5   | You pick up a book of Conjurations {@e2} and begin
                  | reading...
 26399 | Lair:5   | Found a corrupted altar of Lugonu.
 26399 | Lair:5   | Found a one-way gate to the infinite horrors of the Abyss.
 26509 | Lair:5   | You drop a +3 eveningstar {macerare=g}.
 26511 | Lair:5   | You drop a +1 vorpal executioner's axe {axerare=g}.
 26603 | Orc:1    | Entered Level 1 of the Orcish Mines
 26955 | Orc:1    | Found Orri's Magic Scroll Shop.
 27263 | Orc:1    | Noticed an orc warlord
 27577 | D:9      | Killed an orc warlord
 27578 | D:9      | Reached XP level 15. HP: 51/160 MP: 5/14
 27898 | Orc:1    | Paralysed by an orc sorcerer for 4 turns
 27903 | Orc:1    | Identified the +11 war axe of the Sharing Dragonfly {speed,
                  | *Noise rF+ rC+ rN+} (Okawaru gifted it to you on level 1 of
                  | the Orcish Mines)
 27903 | Orc:1    | Received a gift from Okawaru
 28352 | Orc:1    | Found a runed translucent gate.
 28354 | Orc:1    | Found a runed translucent gate.
 28369 | Orc:1    | Found a runed translucent gate.
 28371 | Orc:1    | Noticed Rangus's ghost (journeyman VSWn)
 28371 | Orc:1    | Noticed Rangus's ghost (journeyman OgAE)
 28372 | Orc:1    | Noticed AverageBear's ghost (journeyman DsFi)
 28372 | Orc:1    | Noticed nshep25's ghost (journeyman MiFi)
 28577 | Orc:2    | Entered Level 2 of the Orcish Mines
 28782 | Orc:2    | Found Feros's General Store.
 28808 | Orc:2    | HP: 39/158 [poisoned by a chaos spawn]
 28810 | Orc:2    | HP: 19/154 [chaos spawn[an orc sorcerer] (5)]
 28810 | Orc:2    | HP: 5/154 [chaos spawn[an orc sorcerer] (14)]
 28813 | Orc:2    | Noticed Nessos
 29168 | Orc:2    | HP: 34/154 [Nessos/arrow (17)]
 29169 | Orc:2    | HP: 11/154 [Nessos/arrow (11)]
 29169 | Orc:2    | HP: 5/154 [Nessos/arrow (6)]
 29170 | Orc:2    | Shot with an arrow by Nessos

Vanquished Creatures
  Kirke (Lair:3)
  Gastronok (Lair:1)
  An orc warlord (D:9)
  4 hydras
  A catoblepas (Lair:5)
  4 death yaks
  2 thrashing horrors (Lair:5)
  Urug (Lair:2)
  Sonja (Lair:2)
  2 large abominations (Lair:5)
  Pikel (D:7)
  2 lindwurms
  An orc knight (D:9)
  3 orc sorcerers
  A manticore (shapeshifter) (Lair:5)
  A cyclops (D:11)
  A manticore (D:11)
  3 ugly things
  5 elephants (Lair:5)
  4 centaur zombies (D:11)
  6 black mambas
  A cane toad (shapeshifter) (Lair:5)
  A gargoyle (D:10)
  Psyche (D:11)
  Maggie (D:8)
  A smoke demon (Lair:5)
  6 komodo dragons
  5 cane toads
  2 kobold demonologists (Bailey)
  3 rime drakes (Lair:5)
  2 ancient zymes (Lair:5)
  6 trolls
  A polar bear (Lair:2)
  A hornet (shapeshifter) (Lair:5)
  5 dream sheep (Lair:3)
  10 blink frogs (Lair:5)
  A snapping turtle (Lair:3)
  A spriggan (Lair:5)
  5 shadows (D:11)
  7 wraiths (D:11)
  4 wyverns
  3 ynoxinuls (Lair:5)
  4 vampires
  23 yaks
  8 basilisks
  A human (Lair:3)
  4 hogs (Lair:3)
  A steam dragon (D:6)
  3 wargs
  2 chaos spawn (Lair:5)
  A naga (Lair:2)
  Menkaure (D:6)
  Edmund (D:6)
  2 swamp worms (D:10)
  9 water moccasins
  4 ice beasts
  3 sky beasts
  24 orc warriors
  3 black bears
  4 ogres
  11 wolves
  14 small abominations (Lair:5)
  7 centaurs
  A lemure (D:7)
  2 phantoms (D:6)
  A kobold brigand (D:9)
  11 bullfrogs
  4 scorpions
  2 gnoll sergeants
  15 wights
  3 killer bees (D:8)
  9 howler monkeys
  9 electric eels
  3 jellies (D:5)
  15 orc priests
  10 hounds
  A gnoll bouda (D:8)
  A boggart zombie (D:11)
  4 iguanas
  22 orc wizards
  A howler monkey zombie (D:11)
  11 gnolls
  7 adders
  2 shadow imps
  2 white imps
  2 ufetubi
  2 dart slugs (D:4)
  68 orcs
  11 endoplasms
  18 goblins
  6 hobgoblins
  7 jackals
  8 kobolds
  A quokka (D:1)
  11 ball pythons
  11 bats
  2 frilled lizards (D:3)
  7 rats
533 creatures vanquished.

Vanquished Creatures (others)
  A kobold brigand (D:6)
  A scorpion (D:6)
  An orc priest (Orc:2)
  An orc wizard (Orc:1)
  2 adders (D:6)
  11 fungi
  25 plants
  A withered plant (D:11)
43 creatures vanquished.

Grand Total: 576 creatures vanquished

Table legend:
 A = Non-vault XP
 B = Vault XP
 C = Vault XP percentage of total XP
 D = Non-vault monster count
 E = Vault monster count
 F = Vault count percentage of total count
                 A         B        C        D         E       F
            +---------+---------+-------+---------+---------+-------
      Total |   45914 |   30809 |  40.2 |     369 |     163 |  30.6
            +---------+---------+-------+---------+---------+-------
        D:1 |      40 |       8 |  16.7 |      25 |       6 |  19.4
        D:2 |      52 |       0 |   0.0 |      17 |       0 |   0.0
        D:3 |      49 |       0 |   0.0 |      22 |       0 |   0.0
        D:4 |     991 |       4 |   0.4 |      35 |       1 |   2.8
        D:5 |     686 |       0 |   0.0 |      19 |       0 |   0.0
        D:6 |    1104 |     854 |  43.6 |      11 |       8 |  42.1
        D:7 |    1230 |     663 |  35.0 |      22 |       1 |   4.3
        D:8 |    1079 |     892 |  45.3 |      18 |       9 |  33.3
        D:9 |    3522 |     781 |  18.2 |      37 |       7 |  15.9
       D:10 |    2733 |     314 |  10.3 |      14 |       2 |  12.5
       D:11 |    2488 |    5270 |  67.9 |       6 |      21 |  77.8
     Lair:1 |    1579 |    1393 |  46.9 |       5 |       1 |  16.7
     Lair:2 |    2652 |    1730 |  39.5 |      12 |       3 |  20.0
     Lair:3 |    3851 |    2937 |  43.3 |      14 |      10 |  41.7
     Lair:4 |    4394 |       0 |   0.0 |      16 |       0 |   0.0
     Lair:5 |   15215 |   12478 |  45.1 |      41 |      47 |  53.4
      Orc:1 |    3417 |       0 |   0.0 |      43 |       0 |   0.0
      Orc:2 |     832 |     817 |  49.5 |      12 |       5 |  29.4
     Bailey |       0 |    2668 | 100.0 |       0 |      42 | 100.0
            +---------+---------+-------+---------+---------+-------

Illustrated notes

Table legend:
 A = Kills in this place as a percentage of kills in entire the game.
 B = Kills by you in this place as a percentage of kills by you in the entire game.
 C = Kills by friends in this place as a percentage of kills by friends in the entire game.
 D = Other kills in this place as a percentage of other kills in the entire game.
 E = Experience gained in this place as a percentage of experience gained in the entire game.
 F = Experience gained in this place divided by the number of levels of this place that you have seen.
                   A       B       C       D       E      F
               +-------+-------+-------+-------+-------+----------------------
         Total | 100.0 | 100.0 |   N/A | 100.0 | 100.0 | 3836.1
       Dungeon |  52.8 |  52.9 |   N/A |   0.0 |  29.7 | 2069.1
          Lair |  28.0 |  28.1 |   N/A |   0.0 |  60.3 | 9245.8
  Orcish Mines |  11.3 |  11.1 |   N/A | 100.0 |   6.6 | 2533.0
        Bailey |   7.9 |   7.9 |   N/A |   0.0 |   3.5 | 2668.0
               +-------+-------+-------+-------+-------+----------------------

Table legend: (Time is in decaauts)
 A = Elapsed time spent in this place.
 B = Non-inter-level travel time spent in this place.
 C = Inter-level travel time spent in this place.
 D = Time resting spent in this place.
 E = Time spent auto-exploring this place.
 F = Levels seen in this place.
 G = Mean time per level.
                   A        B        C        D        E       F      G
               +--------+--------+--------+--------+--------+-----+--------+
         Total |  29062 |  27826 |   1236 |   3363 |  21032 |  20 | 1453.1 |
       Dungeon |  16073 |  15154 |    919 |   1032 |  12248 |  11 | 1461.2 |
        Temple |     46 |     46 |      0 |      0 |     19 |   1 |   46.0 |
          Lair |   9662 |   9345 |    317 |   1651 |   6782 |   5 | 1932.4 |
  Orcish Mines |   1531 |   1531 |      0 |    339 |    855 |   2 |  765.5 |
        Bailey |   1749 |   1749 |      0 |    341 |   1127 |   1 | 1749.0 |
               +--------+--------+--------+--------+--------+-----+--------+

Top non-repeatable levels by time:
  Lair:5: 3703 daAuts
     D:9: 2349 daAuts
  Lair:3: 2207 daAuts
     D:8: 2081 daAuts
     D:4: 1968 daAuts
  Bailey: 1749 daAuts
    D:11: 1628 daAuts
    D:10: 1453 daAuts
  Lair:4: 1439 daAuts
  Lair:2: 1428 daAuts
     D:6: 1394 daAuts
   Orc:1: 1292 daAuts
     D:5: 1225 daAuts
     D:1: 1149 daAuts
     D:7: 1110 daAuts
